 Dungeon Crawl Stone Soup version 0.31-a0-1098-g6898e6545c (webtiles) character file.

Game seed: 718580786892109337

166 Dirtsage the Changeling (level 5, -2/35 HPs)
             Began as an Octopode Shapeshifter on Nov 30, 2023.
             Slain by a gnoll
             ... wielding a +0 spear
              (4 damage)
             ... on level 5 of the Dungeon.
             The game lasted 00:02:24 (2051 turns).

Dirtsage the Changeling (Octopode Shapeshifter)     Turns: 2051, Time: 00:02:24

Health: -2/35      AC:  1    Str: 13    XL:     5   Next: 47%
Magic:  5/5        EV: 13    Int: 12    God:
Gold:   157        SH:  0    Dex: 14    Spells: 4/4 levels left

rFire   . .          .
                       - Unarmed
rCold   . . .        (no shield)
rNeg    . . .        (helmet currently unavailable)
rPois   .            (no amulet)
rElec   .            S - ring of see invisible
rCorr   .            (no ring)
SInv    +            (no ring)
Will    .....        (no ring)
Stlth   ++           (no ring)
HPRegen 0.25/turn    (no ring)
MPRegen 0.09/turn    (no ring)
                     (no ring)

%: no passive effects
@: beast-form
A: beast (slay +2), almost no armour, amphibious, 8 rings, camouflage 1,
gelatinous body 1, (nimble swimmer 1), tentacles
a: Begin Untransformation


You were on level 5 of the Dungeon.
You were a hulking beast.
You visited 1 branch of the dungeon, and saw 5 of its levels.

You collected 157 gold pieces.

Inventory:

Magical Staves
 k - a staff of death
Jewellery
 S - a ring of see invisible (left tentacle)
Talismans
 b - a beast talisman
 c - a flux talisman
Wands
 m - a wand of mindburst (17)
 o - a wand of polymorph (5)
Scrolls
 d - a scroll of silence {unknown}
 e - 2 scrolls of identify {unknown}
 g - a scroll of vulnerability {unknown}
 h - a scroll of fear {unknown}
 j - a scroll of amnesia {unknown}
 l - a scroll of enchant armour {unknown}
 n - a scroll of revelation {unknown}
Potions
 a - 2 potions of lignification
 f - a potion of cancellation {unknown}
 i - a potion of ambrosia {unknown}


   Skills:
 + Level 2.5 Fighting
 - Level 2.0 Dodging
 + Level 3.9 Unarmed Combat
 * Level 4.5 Shapeshifting


You had 4 spell levels left.
You didn't know any spells.
Your spell library contained the following spells:

 Spells                   Type           Power      Damage    Failure   Level
 Gell's Gravitas          Tloc           0%         N/A       69%         3
 Teleport Other           Tloc           0%         N/A       69%         3
 Vhi's Electric Charge    Tloc/Air       0%         N/A       97%         4
 Arcjolt                  Conj/Air       0%         1d10      100%        5
 Dispersal                Tloc           0%         N/A       100%        6
 Plasma Beam              Fire/Air       0%         2x1d10    100%        6


Dungeon Overview and Level Annotations

Branches:
Dungeon (5/15)
 Temple: D:4-7

Altars:
Cheibriados
Uskayaw


Innate Abilities, Weirdness & Mutations

You are a hulking beast.
Your limbs bulge with bestial killing power. (Slay +2)
You cannot wear most types of armour.
You are amphibious.
You can wear up to eight rings at the same time.
Your skin changes colour to match your surroundings (Stealth+).
Your rubbery body absorbs attacks. (AC +1, EV +1)
((You are camouflaged when in or above water. (Stealth+)))
You have tentacles for arms and can constrict up to eight enemies at once.


Message History

You constrict the gnoll. The gnoll misses you.
You tentacle-slap the gnoll.
The gnoll is severely wounded.
You constrict the gnoll. You bludgeon the gnoll!
You kill the gnoll! 2 gnolls come into view.
The gnoll shouts! x2
The gnoll hits you from afar with a +0 spear!
You see here a +0 flail.
You take 9 damage, and have 26/35 hp.
MASSIVE DAMAGE!!
The gnoll misses you. The gnoll closely misses you.
There is a stone staircase leading up here.
The gnoll misses you. The gnoll closely misses you.
You climb upwards.
The orc shouts! x3
An adder comes into view.
The orc shouts!
The orc wizard shouts!
Found three items.
Found a stone staircase leading down.
There is a stone staircase leading down here.
You hear a shout!
The gnoll closely misses you. The orc hits you with a +0 dagger.
The orc wizard hits you with a +0 dagger.
The orc hits you with a +0 dagger.
You climb downwards.
The gnoll misses you. The gnoll closely misses you.
There is a stone staircase leading up here.
You take 5 damage, and have 22/35 hp.
You completely miss the gnoll. Your grab misses the gnoll.
The gnoll hits you with a +0 whip.
The orc wizard gestures at you while chanting.
You resist with some effort. The gnoll barely misses you.
The orc hits you with a +0 dagger. The orc closely misses you.
You take 9 damage, and have 13/35 hp.
MASSIVE DAMAGE!!
You completely miss the gnoll. You grab the gnoll. You constrict the gnoll.
The gnoll hits you with a +0 whip!
* * * LOW HITPOINT WARNING * * *
The orc closely misses you. The orc hits you with a +0 dagger.
* * * LOW HITPOINT WARNING * * *
The gnoll hits you with a +0 spear.
You die...

#........#
#..#.######.#
#..#.# #.#
##+#..#.# #.#
#.....#.# #.#
#.....#.# #.#
#.....#.# #.#
#....o#.# #.#
##..oho#.# #.#
+...gg##.# #.#
#.#.#....# #.# #
#.###########.#
..............#
##.#############


You could see an orc wizard, 2 gnolls and 2 orcs.

Vanquished Creatures
  A scorpion (D:4)
  Jessica (D:3)
  Ijyb (D:3)
  A gnoll (D:5)
  An adder (D:2)
  A dart slug (D:2)
  5 ball pythons
  An endoplasm (D:1)
  2 giant cockroaches
  4 goblins
  6 hobgoblins
  3 quokkas (D:1)
  A bat (D:3)
  4 frilled lizards
  A kobold (D:2)
  7 rats
40 creatures vanquished.

Notes
Turn   | Place    | Note
-------+----------+-------------------------------------------
     0 | D:1      | Dirtsage the Octopode Shapeshifter began the quest for the
                  | Orb.
     0 | D:1      | Reached XP level 1. HP: 13/13 MP: 1/1
    98 | D:1      | Reached XP level 2. HP: 18/18 MP: 2/2
   613 | D:2      | Reached XP level 3. HP: 23/23 MP: 3/3
   777 | D:2      | Found a hide-covered altar of Uskayaw.
  1253 | D:3      | Found a snail-covered altar of Cheibriados.
  1416 | D:3      | Noticed Ijyb
  1427 | D:3      | Killed Ijyb
  1428 | D:3      | Reached XP level 4. HP: 10/29 MP: 4/4
  1597 | D:3      | Noticed Jessica
  1600 | D:3      | Killed Jessica
  1601 | D:3      | Reached skill level 4 in Shapeshifting
  1889 | D:4      | Noticed a scorpion
  1893 | D:4      | Killed a scorpion
  1894 | D:4      | Reached XP level 5. HP: 17/35 MP: 5/5
  2003 | D:4      | You fall into a shaft and drop 1 floor!
  2003 | D:5      | Entered Level 5 of the Dungeon
  2051 | D:5      | Slain by a gnoll

Illustrated notes

Levels and vault maps discovered:
D:1:      amcnicky_arrival_underground_garden, layout_basic
D:2:      layout_loops_ring, basic_altar, serial_bayou, serial_bayou_pond_c,
          serial_bayou_pond_c, serial_bayou_shore_b, serial_bayou_lagoon_b
D:3:      layout_loops_cross, mainiacjoe_overflow_alcove_2, uniq_ijyb,
          uniq_jessica
D:4:      gammafunk_wand_slinger, layout_gridville,
          mainiacjoe_overflow_cross_hatched, okawaru_trees_2,
          grunt_decor_fettered
D:5:      gammafunk_cloud_chamber, layout_basic, marbit_many_paths,
          minmay_temple_entry_waves

Skill      XL: |  1  2  3  4 |
---------------+-------------+-----
Fighting       | 2 |  2.5
Shapeshifting  | 4 |  4.5
Dodging        | |  2.0
Unarmed Combat | |  3.9

Action                     |  1- 3 |  4- 6 || total
---------------------------+-------+-------++-------
  Melee: Unarmed           |    67 |    15 ||    82
         Constrict         |    21 |     5 ||    26
         Tentacles         |    12 |     3 ||    15
   Stab: Sleeping          |     7 |     4 ||    11
 Armour: Skin              |    20 |    13 ||    33
  Dodge: Dodged            |    26 |    14 ||    40

Table legend: (Time is in decaauts)
 A = Elapsed time spent in this place.
 B = Non-inter-level travel time spent in this place.
 C = Inter-level travel time spent in this place.
 D = Time resting spent in this place.
 E = Time spent auto-exploring this place.
 F = Levels seen in this place.
 G = Mean time per level.
                   A        B        C        D        E       F      G
               +--------+--------+--------+--------+--------+-----+--------+
         Total |   2045 |   2004 |     41 |      0 |   1738 |   5 |  409.0 |
       Dungeon |   2045 |   2004 |     41 |      0 |   1738 |   5 |  409.0 |
               +--------+--------+--------+--------+--------+-----+--------+

Top non-repeatable levels by time:
     D:3: 675 daAuts
     D:2: 671 daAuts
     D:1: 536 daAuts
     D:4: 115 daAuts
     D:5: 46 daAuts
